 Dungeon Crawl Stone Soup version 0.22-b1-26-g9dbaab1 (webtiles) character file.

67 MTVSty1e the Cudgeler (level 4, 0/28 HPs)
             Began as a Gargoyle Fighter on Aug 8, 2018.
             Slain by an orc (1 damage)
             ... on level 3 of the Dungeon.
             The game lasted 00:03:46 (1769 turns).

MTVSty1e the Cudgeler (Gargoyle Fighter)            Turns: 1769, Time: 00:03:48

Health: 0/28       AC: 12    Str: 26    XL:     4   Next: 18%
Magic:  4/4        EV:  7    Int:  8    God:
Gold:   100        SH:  9    Dex:  9    Spells: 3/3 levels left

rFire    . . .     SeeInvis .   a - +0 flail
rCold    . . .     Gourm    .   c - +0 shield
rNeg     + + .     Faith    .   b - +0 scale mail
rPois    ∞         Spirit   .   n - +1 helmet
rElec    +         Reflect  .   (no cloak)
rCorr    .         Harm     .   (no gloves)
MR       .....                  (no boots)
Stlth    ..........             (no amulet)
HPRegen  0.09/turn              k - ring of positive energy
MPRegen  0.09/turn              q - ring of poison resistance

@: mighty
A: negative energy resistance 1, electricity resistance, unbreathing,
petrification resistance, rot immunity, AC +3
a: no special abilities


You were on level 3 of the Dungeon.
You were not hungry.

You visited 1 branch of the dungeon, and saw 3 of its levels.

You collected 100 gold pieces.

Inventory:

Hand Weapons
 a - a +0 flail (weapon)
Armour
 b - a +0 scale mail (worn)
 c - a +0 shield (worn)
 n - a +1 helmet (worn)
Jewellery
 k - a ring of positive energy (left hand)
 q - a ring of poison resistance (right hand)
Scrolls
 e - 2 scrolls of identify {unknown}
 h - a scroll of noise {unknown}
 i - a scroll of teleportation {unknown}
 j - 4 scrolls of remove curse {unknown}
 l - a scroll of magic mapping {unknown}
 m - a scroll of enchant weapon {unknown}
 o - a scroll of fear {unknown}
Potions
 g - 2 potions of brilliance {unknown}
 p - 2 potions of lignification {unknown}
Comestibles
 f - 5 rations


   Skills:
 - Level 3.2 Fighting
 + Level 4.3 Maces & Flails
 - Level 3.2 Armour
 - Level 3.2 Shields


You had 3 spell levels left.
You didn't know any spells.
Your spell library contained the following spells:

 Spells                   Type           Power        Failure   Level  Hunger
 Confuse                  Hex            #.......     100%        3    ####...
 Confusing Touch          Hex            #.....       99%         1    ##.....
 Metabolic Englaciation   Hex/Ice        #.........   100%        5    ######.
 Petrify                  Tmut/Erth      #.......     100%        4    #####..
 Gell's Gravitas          Tloc           #.........   100%        3    ####...
 Yara's Violent Unravell  Hex/Tmut       #.........   100%        5    ######.


Dungeon Overview and Level Annotations

Branches:
Dungeon (3/15)

Altars:
Hepliaklqana
Makhleb
Yredelemnul
The Shining One


Innate Abilities, Weirdness & Mutations

You are resistant to torment.
Your stone body is resilient. (AC +3)
You are immune to poison.
You resist negative energy. (rN+)
You are resistant to electric shocks. (rElec)
You can survive without breathing.
You are immune to petrification.
You are immune to rotting.


Message History

The orc hits you but does no damage. You block the river rat's attack.
The orc barely misses you.
The orc priest hits you but does no damage.
You closely miss the orc priest.
The orc priest is severely wounded.
You block the orc's attack. The river rat closely misses you.
The orc hits you but does no damage.
The orc priest hits you but does no damage.
The orc barely misses you.
You completely miss the orc priest.
The orc priest is severely wounded.
The river rat barely misses you. The orc hits you but does no damage.
The orc priest looks braver for a moment.
You block the orc's attack. You block the river rat's attack.
You closely miss the orc priest.
The orc priest is severely wounded.
You block the orc's attack.
The orc priest hits you but does no damage.
The orc hits you.
You die...

# #.. . >...
....######## .$...
....>..<.o(#s.....
....######@ro.....
. #oo......


bg....... (#(#r..... ###.#...... .......#. .......# ... ..(# You could see an
orc priest, 2 river rats, 3 orcs, a giant cockroach, a goblin and a bat.

Vanquished Creatures
  2 adders
  An ooze (D:2)
  A worm (D:2)
  A dart slug (D:2)
  2 leopard geckos (D:1)
  An orc (D:3)
  4 giant cockroaches
  5 goblins (D:1)
  3 hobgoblins
  4 bats (D:1)
  4 frilled lizards
  6 kobolds
  5 rats
39 creatures vanquished.

Notes
Turn   | Place    | Note
-------+----------+-------------------------------------------
     0 | D:1      | MTVSty1e the Gargoyle Fighter began the quest for the Orb.
     0 | D:1      | Reached XP level 1. HP: 14/14 MP: 1/1
   210 | D:1      | Reached XP level 2. HP: 18/19 MP: 2/2
   358 | D:1      | Reached skill level 3 in Maces & Flails
   502 | D:1      | Reached XP level 3. HP: 15/23 MP: 3/3
   735 | D:2      | Found a glowing golden altar of the Shining One.
   832 | D:2      | Found a basalt altar of Yredelemnul.
   905 | D:2      | Found a burning altar of Makhleb.
  1031 | D:2      | Found a hazy altar of Hepliaklqana.
  1202 | D:2      | Reached skill level 4 in Maces & Flails
  1753 | D:3      | Reached XP level 4. HP: 26/28 MP: 4/4
  1762 | D:3      | HP: 1/28 [orc/whip (1)]
  1769 | D:3      | Slain by an orc

Skill      XL: |  1  2  3 |
---------------+----------+-----
Maces & Flails | 3 4 |  4.3
Fighting       | |  3.2
Armour         | |  3.2
Shields        | |  3.2

Action                   |  1- 3 |  4- 6 || total
-------------------------+-------+-------++-------
Melee: Flail             |   152 |    14 ||   166
  Use: Potion            |       |     1 ||     1
  Eat: Ration            |     1 |       ||     1
Armor: Scale mail        |    73 |    23 ||    96
Dodge: Dodged            |    49 |    11 ||    60
Block: Shield            |    75 |    25 ||   100
